Blue Jackets vs Predators
Created - May 9, 2021 at 21:47
Goals
|
| Blue Jackets |
0 |
2 |
1 |
0 |
1 |
3 |
| Predators |
1 |
2 |
0 |
0 |
2 |
4 |
|
Shots
|
| Blue Jackets |
6 |
14 |
14 |
1 |
3 |
35 |
| Predators |
8 |
8 |
8 |
1 |
2 |
25 |
|
1st period
1. Predators , Mikael Granlund 39 (Ryan Kesler 50, Alexander Ovechkin 53) at 18:59
Penalties :
Jack Eichel (Nas) for Holding (Minor) at 2:02, Brandon Bollig (Clb) for Hooking (Minor) at 15:40, Jaden Schwartz (Nas) for Holding (Minor) at 19:35
2nd period
2. Predators , Mark Pysyk 9 (Ryan Mcdonagh 46, Ryan Kesler 51) at 9:04
3. Blue Jackets , Brandon Bollig 6 (Christian Hanson 4) at 16:04
4. Blue Jackets , Max Pacioretty 20 (Martin Havlat 27, Cody Hodgson 38) at 17:21
5. Predators , Justin Faulk 8 (Byron Bitz 18, Justin Abdelkader 17) at 19:05
Penalties :
Devin Setoguchi (Clb) for Holding (Minor) at 5:30, Jaden Schwartz (Nas) for Roughing (Minor) at 11:58
3rd period
6. Blue Jackets , Artemi Panarin 55 (Tyler Kennedy 16) at 18:43 (PP)
Penalties :
Ryan Kesler (Nas) for Boarding (Major) at 0:15, Artemi Panarin (Clb) for Hooking (Minor) at 16:14, Alexander Edler (Nas) for Roughing (Minor) at 16:56, Andy Miele (Nas) for Hooking (Minor) at 19:23
Overtime #1
No Goal
Penalties :
No Penalty
Shootout
Blue Jackets, Tyler Seguin - Shot Misses the Net
Predators, Jaden Schwartz - Goal!
Blue Jackets, Artemi Panarin - Goal!
Predators, Jack Eichel - Goal!
Blue Jackets, Max Pacioretty - Stopped by Anders Lindback
Penalties :
No Penalty
Goalie Stats
Andrei Vasilevskiy (Clb), 22 saves from 25 shots - (0.880), OTL, 15-7-4, 65:00 minutes
Anders Lindback (Nas), 32 saves from 35 shots - (0.914), W, 8-8-3, 65:00 minutes
Players Stats for Blue Jackets
Player Name G A P +/- PIM S H SB GA TA FO MP PP MP PK MP
------------------------------------------------------------------------------------
Andreas Nodl 0 0 0 1 0 2 1 0 0 0 0/1 7:34 0:12 0:00
Artemi Panarin 1 0 1 -1 2 5 3 3 1 1 1/2 24:31 7:43 1:19
Brandon Bollig 1 0 1 1 2 5 1 0 0 0 0/1 9:30 0:00 1:29
Branislav Mezei 0 0 0 0 0 1 1 2 0 1 0/0 14:53 0:00 2:23
Cam Fowler 0 0 0 0 0 2 2 3 1 0 0/0 30:15 8:17 2:17
Christian Hanson 0 1 1 1 0 0 0 0 0 0 2/3 8:55 0:00 1:11
Cody Hodgson 0 1 1 0 0 3 1 0 0 0 6/13 16:44 4:04 0:00
Dalton Prout 0 0 0 -1 0 1 1 0 0 1 0/0 19:52 3:45 0:00
Dennis Wideman 0 0 0 -1 0 1 1 1 0 0 0/0 19:52 3:45 0:00
Devin Setoguchi 0 0 0 -1 2 4 1 2 1 0 1/1 20:25 7:13 0:00
Eric Wellwood 0 0 0 -1 0 2 2 0 0 0 1/1 13:45 0:30 1:51
Martin Havlat 0 1 1 0 0 1 1 0 0 0 0/0 15:26 4:04 0:00
Max Pacioretty 1 0 1 1 0 2 2 0 0 0 1/2 17:02 4:04 0:06
Mike Lundin 0 0 0 0 0 1 1 1 0 1 0/0 30:15 8:17 2:17
Pavel Datsyuk 0 0 0 -2 0 0 1 0 0 0 3/6 11:25 0:18 0:53
Rob Scuderi 0 0 0 0 0 1 1 0 0 0 0/0 14:53 0:00 2:23
Tyler Kennedy 0 1 1 -1 0 2 2 0 1 0 1/1 11:59 0:45 0:00
Tyler Seguin 0 0 0 -1 0 2 0 1 0 0 15/28 26:44 7:13 2:31
Players Stats for Predators
Player Name G A P +/- PIM S H SB GA TA FO MP PP MP PK MP
------------------------------------------------------------------------------------
Alexander Edler 0 0 0 1 2 1 3 2 1 1 0/0 30:00 2:58 7:17
Alexander Ovechkin 0 1 1 -1 0 2 1 2 2 1 1/2 23:05 2:39 2:25
Andy Miele 0 0 0 1 2 2 2 1 0 0 4/16 16:55 0:00 6:12
Brandon Gormley 0 0 0 -1 0 0 1 0 0 0 0/0 9:22 0:00 0:00
Brendan Gallagher 0 0 0 0 0 2 3 0 0 0 0/2 16:39 2:01 2:52
Byron Bitz 0 1 1 1 0 1 1 1 0 0 0/0 15:06 0:00 3:40
Dmitri Kalinin 0 0 0 0 0 0 0 0 0 0 0/0 3:41 0:00 0:00
Jack Eichel 0 0 0 0 2 0 1 0 1 0 7/9 16:10 2:01 0:39
Jaden Schwartz 0 0 0 0 4 4 2 1 0 0 2/2 20:35 2:01 2:32
John Moore 0 0 0 1 0 1 1 1 0 0 0/0 21:45 1:41 5:57
Justin Abdelkader 0 1 1 2 0 2 0 0 0 0 0/0 11:44 0:00 0:00
Justin Faulk 1 0 1 1 0 1 0 0 0 1 0/0 15:59 1:41 0:19
Mark Pysyk 1 0 1 0 0 1 0 1 0 0 0/0 12:25 0:00 6:48
Mikael Granlund 1 0 1 0 0 5 0 0 0 0 3/4 19:48 2:39 0:19
Nate Schmidt 0 0 0 -1 0 0 1 0 0 0 0/0 18:22 0:00 5:49
Nik Antropov 0 0 0 0 0 0 0 0 0 0 3/5 5:51 0:00 0:00
Ryan Kesler 0 2 2 0 5 1 1 0 0 0 8/19 16:55 2:39 0:00
Ryan Mcdonagh 0 1 1 1 0 2 0 1 0 1 0/0 30:50 2:59 7:28
3 Stars
1 - Max Pacioretty (Clb)
2 - Justin Faulk (Nas)
3 - Mark Pysyk (Nas)
Power Play
Blue Jackets - 1 on 6 Attempt(s) - 16.67%
Predators - 0 on 3 Attempt(s) - 0.00%
Penalty Kill
Blue Jackets - 3 on 3 Attempt(s) - 100.00%
- Score 0 goal in Penalty Kill
Predators - 5 on 6 Attempt(s) - 83.33%
- Score 0 goal in Penalty Kill
Team Stat
Blue Jackets - Hits : 22 - Faceoff Wins : 31 - Blocked Shots : 13 - Penalty Minutes : 6
Predators - Hits : 17 - Faceoff Wins : 28 - Blocked Shots : 10 - Penalty Minutes : 15
Official
Referees : Unknown
Linesman : Unknown
Game Notes
Pavel Datsyuk is injured at 19:10 of 3rd period (Bruised Left Shoulder)
Finance
Level 1 -- Attendance: 6000 (100.00%) -- Ticket Income $630,000
Level 2 -- Attendance: 4914 (98.28%) -- Ticket Income $319,410
Level 3 -- Attendance: 1525 (76.25%) -- Ticket Income $68,625
Level 4 -- Attendance: 3218 (80.45%) -- Ticket Income $96,540
Luxury Box -- Attendance: 853 (85.30%) -- Ticket Income $169,747
Game was played at the Wildcat center.
Total Attendance: 16510 (91.72%)
Total Ticket Income: $1,284,322
Other Income: $192,648
Total Income: $1,476,970
Blue Jackets
5 vs 5 Forward
Center Left Wing Right Wing Time % Phy DF OF
1 Tyler Seguin Artemi Panarin Devin Setoguchi 45 1 2 2
2 Cody Hodgson Max Pacioretty Martin Havlat 35 1 2 2
3 Pavel Datsyuk Eric Wellwood Tyler Kennedy 15 1 2 2
4 Christian Hanson Brandon Bollig Andreas Nodl 5 1 2 2
5 vs 5 Defense
Defense Defense Time % Phy DF OF
1 Mike Lundin Cam Fowler 40 1 2 2
2 Dennis Wideman Dalton Prout 30 1 2 2
3 Rob Scuderi Branislav Mezei 20 1 2 2
4 Mike Lundin Cam Fowler 10 1 2 2
PowerPlay Forward
Center Left Wing Right Wing Time % Phy DF OF
1 Tyler Seguin Artemi Panarin Devin Setoguchi 60 1 2 2
2 Cody Hodgson Max Pacioretty Martin Havlat 40 1 2 2
PowerPlay Defense
Defense Defense Time % Phy DF OF
1 Mike Lundin Cam Fowler 60 1 2 2
2 Dennis Wideman Dalton Prout 40 1 2 2
Penalty Kill 4 Players Forward
Center Wing Time % Phy DF OF
1 Tyler Seguin Brandon Bollig 60 1 2 2
2 Pavel Datsyuk Eric Wellwood 40 1 2 2
Penalty Kill 4 Players Defense
Defense Defense Time % Phy DF OF
1 Mike Lundin Cam Fowler 60 1 2 2
2 Rob Scuderi Branislav Mezei 40 1 2 2
Penalty Kill - 3 Players Forward
Forward Time % Phy DF OF
1 Pavel Datsyuk 60 1 2 2
2 Tyler Seguin 40 1 2 2
Penalty Kill - 3 Players Defense
Defense Defense Time % Phy DF OF
1 Mike Lundin Cam Fowler 60 1 2 2
2 Rob Scuderi Branislav Mezei 40 1 2 2
4 vs 4 Forward
Center Wing Time % Phy DF OF
1 Tyler Seguin Artemi Panarin 60 1 2 2
2 Max Pacioretty Cody Hodgson 40 1 2 2
4 vs 4 Defense
Defense Defense Time % Phy DF OF
1 Mike Lundin Cam Fowler 60 1 2 2
2 Dennis Wideman Dalton Prout 40 1 2 2
Last Minutes Offensive
Center Left Wing Right Wing Defense Defense
Tyler Seguin Artemi Panarin Devin Setoguchi Mike Lundin Cam Fowler
Last Minutes Defensive
Center Left Wing Right Wing Defense Defense
Tyler Seguin Artemi Panarin Devin Setoguchi Mike Lundin Cam Fowler
Goaltenders
Starting : Andrei Vasilevskiy
Backup : Rick DiPietro
Extra Forwards
Normal : Pavel Datsyuk, Tyler Kennedy, Eric Wellwood - PP : Pavel Datsyuk, Tyler Kennedy - PK : Eric Wellwood
Extra Defensemen
Normal : Rob Scuderi, Branislav Mezei, Dennis Wideman - PP : Rob Scuderi - PK : Branislav Mezei, Dennis Wideman
Penalty Shots
Tyler Seguin, Artemi Panarin, Max Pacioretty, Cody Hodgson, Devin Setoguchi
Scratches
Anthony Stewart (Healthy), Ryan Wilson (Healthy)
Predators
5 vs 5 Forward
Center Left Wing Right Wing Time % Phy DF OF
1 Ryan Kesler Alexander Ovechkin Mikael Granlund 40 1 2 2
2 Jack Eichel Jaden Schwartz Brendan Gallagher 30 1 2 2
3 Andy Miele Justin Abdelkader Byron Bitz 20 1 2 2
4 Nik Antropov Alexander Ovechkin Mark Pysyk 10 1 2 2
5 vs 5 Defense
Defense Defense Time % Phy DF OF
1 Ryan Mcdonagh Alexander Edler 40 1 2 2
2 John Moore Justin Faulk 30 1 2 2
3 Nate Schmidt Brandon Gormley 20 1 2 2
4 Nate Schmidt Dmitri Kalinin 10 1 2 2
PowerPlay Forward
Center Left Wing Right Wing Time % Phy DF OF
1 Ryan Kesler Alexander Ovechkin Mikael Granlund 60 1 1 3
2 Jack Eichel Jaden Schwartz Brendan Gallagher 40 1 1 3
PowerPlay Defense
Defense Defense Time % Phy DF OF
1 Ryan Mcdonagh Alexander Edler 60 1 1 3
2 John Moore Justin Faulk 40 1 1 3
Penalty Kill 4 Players Forward
Center Wing Time % Phy DF OF
1 Andy Miele Mark Pysyk 60 1 3 1
2 Jaden Schwartz Byron Bitz 40 1 3 1
Penalty Kill 4 Players Defense
Defense Defense Time % Phy DF OF
1 Ryan Mcdonagh Alexander Edler 60 1 3 1
2 Nate Schmidt John Moore 40 1 3 1
Penalty Kill - 3 Players Forward
Forward Time % Phy DF OF
1 Alexander Ovechkin 60 1 3 1
2 Jaden Schwartz 40 1 3 1
Penalty Kill - 3 Players Defense
Defense Defense Time % Phy DF OF
1 Ryan Mcdonagh Alexander Edler 60 1 3 1
2 Nate Schmidt John Moore 40 1 3 1
4 vs 4 Forward
Center Wing Time % Phy DF OF
1 Mikael Granlund Alexander Ovechkin 60 1 2 2
2 Ryan Kesler Jaden Schwartz 40 1 2 2
4 vs 4 Defense
Defense Defense Time % Phy DF OF
1 Ryan Mcdonagh Alexander Edler 60 1 2 2
2 John Moore Justin Faulk 40 1 2 2
Last Minutes Offensive
Center Left Wing Right Wing Defense Defense
Ryan Kesler Alexander Ovechkin Mikael Granlund John Moore Justin Faulk
Last Minutes Defensive
Center Left Wing Right Wing Defense Defense
Andy Miele Jaden Schwartz Mark Pysyk John Moore Nate Schmidt
Goaltenders
Starting : Anders Lindback
Backup : Jaroslav Halak
Extra Forwards
Normal : Alexander Ovechkin, Jaden Schwartz, Mikael Granlund - PP : Alexander Ovechkin, Jack Eichel - PK : Brendan Gallagher
Extra Defensemen
Normal : Brandon Gormley, Nate Schmidt, John Moore - PP : Brandon Gormley - PK : Nate Schmidt, Brandon Gormley
Penalty Shots
Jaden Schwartz, Jack Eichel, Alexander Ovechkin, Ryan Kesler, Ryan Mcdonagh
Scratches
Chris Higgins (Sprained Left Knee Injury)
% Time on Ice - Blue Jackets
Lines # - Real PCT - Wanted PCT - Time Play
Normal Forward
1 - 33% - 45% - 13:52
2 - 27% - 35% - 11:22
3 - 22% - 15% - 9:25
4 - 18% - 5% - 7:22
Normal Defense
1 - 39% - 40% - 16:24
2 - 34% - 30% - 14:17
3 - 26% - 20% - 11:05
4 - 1% - 10% - 0:15
PP Forward
1 - 64% - 60% - 7:43
2 - 36% - 40% - 4:19
PP Defense
1 - 69% - 60% - 8:17
2 - 31% - 40% - 3:45
PK Forward
1 - 83% - 60% - 3:53
2 - 17% - 40% - 0:47
PK Defense
1 - 49% - 60% - 2:17
2 - 51% - 40% - 2:23
PK3 Forward
1 - 0% - 60%
2 - 0% - 40%
PK3 Defense
1 - 0% - 60%
2 - 0% - 40%
44 Forward
1 - 79% - 60% - 4:59
2 - 21% - 40% - 1:18
44 Defense
1 - 56% - 60% - 3:33
2 - 44% - 40% - 2:44
Last Minute Offensive - 0:00
Last Minute Defensive - 0:00
Total
Forward - 65:00
Defense - 65:00
|
% Time on Ice - Predators
Lines # - Real PCT - Wanted PCT - Time Play
Normal Forward
1 - 29% - 40% - 12:18
2 - 32% - 30% - 13:29
3 - 25% - 20% - 10:38
4 - 13% - 10% - 5:36
Normal Defense
1 - 42% - 40% - 17:44
2 - 30% - 30% - 12:26
3 - 19% - 20% - 8:10
4 - 9% - 10% - 3:41
PP Forward
1 - 57% - 60% - 2:39
2 - 43% - 40% - 2:01
PP Defense
1 - 64% - 60% - 2:59
2 - 36% - 40% - 1:41
PK Forward
1 - 70% - 60% - 8:22
2 - 30% - 40% - 3:40
PK Defense
1 - 56% - 60% - 6:41
2 - 44% - 40% - 5:21
PK3 Forward
1 - 100% - 60% - 1:23
2 - 0% - 40% - 0:00
PK3 Defense
1 - 57% - 60% - 0:47
2 - 43% - 40% - 0:36
44 Forward
1 - 88% - 60% - 4:19
2 - 12% - 40% - 0:35
44 Defense
1 - 59% - 60% - 2:53
2 - 41% - 40% - 2:01
Last Minute Offensive - 0:00
Last Minute Defensive - 0:00
Total
Forward - 65:00
Defense - 65:00
|
Play-by-Play
1st period
0:01 of 1st period - Tyler Seguin wins face-off versus Ryan Kesler in neutral zone.
0:52 of 1st period - Snap shot by Devin Setoguchi.
0:52 of 1st period - Shot Misses the Net.
1:38 of 1st period - Wrist shot by Andreas Nodl.
1:38 of 1st period - Stopped by Anders Lindback without a rebound.
1:39 of 1st period - Cody Hodgson wins face-off versus Jack Eichel in Predators zone.
2:02 of 1st period - Minor Penalty to Jack Eichel for Holding.
2:03 of 1st period - Artemi Panarin wins face-off versus Andy Miele in Predators zone.
2:06 of 1st period - Snap shot by Artemi Panarin.
2:06 of 1st period - Stopped by Anders Lindback without a rebound.
2:07 of 1st period - Tyler Seguin wins face-off versus Andy Miele in Predators zone.
2:24 of 1st period - Snap shot by Devin Setoguchi.
2:24 of 1st period - Shot Misses the Net.
4:02 of 1st period - Penalty to Jack Eichel is over, Jack Eichel is back on ice.
4:35 of 1st period - Jaden Schwartz is hit by Branislav Mezei and loses puck.
4:58 of 1st period - Eric Wellwood is hit by Andy Miele and loses puck.
5:15 of 1st period - Christian Hanson is hit by Brandon Gormley and loses puck.
5:45 of 1st period - Tyler Seguin is hit by Nate Schmidt and loses puck.
6:14 of 1st period - Snap shot by Alexander Ovechkin.
6:14 of 1st period - Stopped by Andrei Vasilevskiy with a rebound.
6:42 of 1st period - Andy Miele is hit by Eric Wellwood and loses puck.
7:24 of 1st period - Icing by Dalton Prout.
7:25 of 1st period - Jaden Schwartz wins face-off versus Andreas Nodl in Blue Jackets zone.
7:34 of 1st period - Snap shot by Brendan Gallagher.
7:34 of 1st period - Deflect By Dennis Wideman.
7:34 of 1st period - Stopped by Andrei Vasilevskiy with a rebound.
7:50 of 1st period - Icing by Tyler Seguin.
7:51 of 1st period - Tyler Seguin wins face-off versus Ryan Kesler in Blue Jackets zone.
8:01 of 1st period - Icing by Tyler Seguin.
8:02 of 1st period - Tyler Seguin wins face-off versus Ryan Kesler in Blue Jackets zone.
8:34 of 1st period - Icing by Nate Schmidt.
8:35 of 1st period - Cody Hodgson wins face-off versus Andy Miele in Predators zone.
8:46 of 1st period - Wrist shot by Andy Miele.
8:46 of 1st period - Stopped by Andrei Vasilevskiy without a rebound.
8:47 of 1st period - Ryan Kesler wins face-off versus Tyler Seguin in Blue Jackets zone.
8:58 of 1st period - Wrist shot by Mikael Granlund.
8:58 of 1st period - Shot Blocked by Cam Fowler.
9:00 of 1st period - Slapshot by Ryan Mcdonagh.
9:00 of 1st period - Shot Blocked by Devin Setoguchi.
9:02 of 1st period - Wrist shot by Ryan Kesler.
9:02 of 1st period - Shot Misses the Net.
9:04 of 1st period - Wrist shot by Ryan Mcdonagh.
9:04 of 1st period - Stopped by Andrei Vasilevskiy without a rebound.
9:05 of 1st period - Jack Eichel wins face-off versus Max Pacioretty in Blue Jackets zone.
9:41 of 1st period - Icing by Alexander Edler.
9:42 of 1st period - Ryan Kesler wins face-off versus Tyler Seguin in Predators zone.
10:21 of 1st period - Slapshot by Alexander Edler.
10:21 of 1st period - Stopped by Andrei Vasilevskiy with a rebound.
10:42 of 1st period - Off-side.
10:43 of 1st period - Jack Eichel wins face-off versus Cody Hodgson in neutral zone.
11:00 of 1st period - Snap shot by Martin Havlat.
11:00 of 1st period - Shot Blocked by John Moore.
11:29 of 1st period - Slapshot by John Moore.
11:29 of 1st period - Stopped by Andrei Vasilevskiy with a rebound.
11:35 of 1st period - Alexander Ovechkin is hit by Brandon Bollig and loses puck.
11:48 of 1st period - Justin Faulk is hit by Martin Havlat and loses puck.
12:09 of 1st period - Brendan Gallagher is hit by Pavel Datsyuk.
12:42 of 1st period - Branislav Mezei is hit by Brendan Gallagher and loses puck.
12:53 of 1st period - Andy Miele is hit by Rob Scuderi and loses puck.
14:51 of 1st period - Snap shot by Tyler Seguin.
14:51 of 1st period - Stopped by Anders Lindback with a rebound.
14:58 of 1st period - Snap shot by Tyler Seguin.
14:58 of 1st period - Shot Blocked by Byron Bitz.
15:18 of 1st period - Icing by Brandon Gormley.
15:19 of 1st period - Ryan Kesler wins face-off versus Christian Hanson in Predators zone.
15:33 of 1st period - Snap shot by Brandon Bollig.
15:33 of 1st period - Shot Misses the Net.
15:40 of 1st period - Minor Penalty to Brandon Bollig for Hooking.
15:41 of 1st period - Tyler Seguin wins face-off versus Ryan Kesler in Blue Jackets zone.
15:41 of 1st period - Tyler Seguin is hit by Ryan Kesler.
15:46 of 1st period - Slapshot by Mike Lundin.
15:46 of 1st period - Stopped by Anders Lindback without a rebound.
15:47 of 1st period - Ryan Kesler wins face-off versus Tyler Seguin in Predators zone.
16:04 of 1st period - Snap shot by Ryan Mcdonagh.
16:04 of 1st period - Shot Blocked by Mike Lundin.
17:40 of 1st period - Penalty to Brandon Bollig is over, Brandon Bollig is back on ice.
17:45 of 1st period - Slapshot by Ryan Mcdonagh.
17:45 of 1st period - Shot Blocked by Tyler Seguin.
17:57 of 1st period - Snap shot by Justin Abdelkader.
17:57 of 1st period - Shot Misses the Net.
18:07 of 1st period - Tyler Seguin is hit by Jaden Schwartz and loses puck.
18:44 of 1st period - Wrist shot by Martin Havlat.
18:44 of 1st period - Stopped by Anders Lindback with a rebound.
18:53 of 1st period - Icing by Martin Havlat.
18:54 of 1st period - Nik Antropov wins face-off versus Cody Hodgson in Blue Jackets zone.
18:55 of 1st period - Backhand shot by Alexander Ovechkin.
18:55 of 1st period - Stopped by Andrei Vasilevskiy with a rebound.
18:59 of 1st period - Snap shot by Mikael Granlund.
18:59 of 1st period - Goal by Mikael Granlund - Blue Jackets : 0 - Predators : 1.
19:00 of 1st period - Mikael Granlund wins face-off versus Cody Hodgson in neutral zone.
19:07 of 1st period - Slapshot by Ryan Kesler.
19:07 of 1st period - Shot Misses the Net.
19:32 of 1st period - Icing by Mike Lundin.
19:33 of 1st period - Jack Eichel wins face-off versus Tyler Seguin in Blue Jackets zone.
19:35 of 1st period - Minor Penalty to Jaden Schwartz for Holding.
19:36 of 1st period - Tyler Seguin wins face-off versus Andy Miele in Predators zone.
19:38 of 1st period - Wrist shot by Artemi Panarin.
19:38 of 1st period - Shot Misses the Net.
19:40 of 1st period - Slapshot by Mike Lundin.
19:40 of 1st period - Shot Blocked by Ryan Mcdonagh.
19:42 of 1st period - Slapshot by Devin Setoguchi.
19:42 of 1st period - Stopped by Anders Lindback without a rebound.
19:43 of 1st period - Tyler Seguin wins face-off versus Andy Miele in Predators zone.
Goals for this period are 0 for Blue Jackets vs 1 for Predators.
Shots for this period are 6 for Blue Jackets vs 8 for Predators.
2nd period
0:01 of 2nd period - Andy Miele wins face-off versus Tyler Seguin in neutral zone.
1:35 of 2nd period - Penalty to Jaden Schwartz is over, Jaden Schwartz is back on ice.
1:52 of 2nd period - Slapshot by Ryan Kesler.
1:52 of 2nd period - Stopped by Andrei Vasilevskiy with a rebound.
1:54 of 2nd period - Wrist shot by Mikael Granlund.
1:54 of 2nd period - Stopped by Andrei Vasilevskiy with a rebound.
3:54 of 2nd period - Ryan Mcdonagh is hit by Cody Hodgson and loses puck.
4:07 of 2nd period - Ryan Mcdonagh is hit by Andreas Nodl and loses puck.
4:14 of 2nd period - Backhand shot by Brandon Bollig.
4:14 of 2nd period - Stopped by Anders Lindback with a rebound.
4:16 of 2nd period - Snap shot by Branislav Mezei.
4:16 of 2nd period - Shot Blocked by Alexander Ovechkin.
5:13 of 2nd period - Snap shot by Byron Bitz.
5:13 of 2nd period - Shot Misses the Net.
5:30 of 2nd period - Minor Penalty to Devin Setoguchi for Holding.
5:31 of 2nd period - Tyler Seguin wins face-off versus Ryan Kesler in Blue Jackets zone.
7:05 of 2nd period - Alexander Edler is hit by Artemi Panarin and loses puck.
7:30 of 2nd period - Penalty to Devin Setoguchi is over, Devin Setoguchi is back on ice.
8:05 of 2nd period - Wrist shot by Tyler Kennedy.
8:05 of 2nd period - Stopped by Anders Lindback with a rebound.
9:04 of 2nd period - Wrist shot by Mark Pysyk.
9:04 of 2nd period - Goal by Mark Pysyk - Blue Jackets : 0 - Predators : 2.
9:05 of 2nd period - Ryan Kesler wins face-off versus Artemi Panarin in neutral zone.
9:10 of 2nd period - Backhand shot by Ryan Kesler.
9:10 of 2nd period - Shot Misses the Net.
9:18 of 2nd period - Wrist shot by Mikael Granlund.
9:18 of 2nd period - Stopped by Andrei Vasilevskiy with a rebound.
9:20 of 2nd period - Snap shot by Mikael Granlund.
9:20 of 2nd period - Stopped by Andrei Vasilevskiy with a rebound.
10:31 of 2nd period - Brendan Gallagher is hit by Dalton Prout.
11:09 of 2nd period - John Moore is hit by Devin Setoguchi and loses puck.
11:28 of 2nd period - Snap shot by Cody Hodgson.
11:28 of 2nd period - Stopped by Anders Lindback without a rebound.
11:29 of 2nd period - Andy Miele wins face-off versus Cody Hodgson in Predators zone.
11:54 of 2nd period - Wrist shot by Cody Hodgson.
11:54 of 2nd period - Stopped by Anders Lindback without a rebound.
11:55 of 2nd period - Jack Eichel wins face-off versus Pavel Datsyuk in Predators zone.
11:55 of 2nd period - Jack Eichel is hit by Cam Fowler.
11:58 of 2nd period - Minor Penalty to Jaden Schwartz for Roughing.
11:59 of 2nd period - Tyler Seguin wins face-off versus Andy Miele in Predators zone.
11:59 of 2nd period - Snap shot by Artemi Panarin.
11:59 of 2nd period - Shot Blocked by Andy Miele.
12:01 of 2nd period - Slapshot by Tyler Seguin.
12:01 of 2nd period - Deflect By Devin Setoguchi.
12:01 of 2nd period - Stopped by Anders Lindback with a rebound.
12:03 of 2nd period - Snap shot by Cam Fowler.
12:03 of 2nd period - Shot Blocked by Mark Pysyk.
12:05 of 2nd period - Snap shot by Cam Fowler.
12:05 of 2nd period - Shot Hit the Post.
12:15 of 2nd period - Slapshot by Artemi Panarin.
12:15 of 2nd period - Stopped by Anders Lindback without a rebound.
12:16 of 2nd period - Andy Miele wins face-off versus Tyler Seguin in Predators zone.
12:16 of 2nd period - Andy Miele is hit by Artemi Panarin.
12:29 of 2nd period - Backhand shot by Mike Lundin.
12:29 of 2nd period - Shot Blocked by Alexander Edler.
12:41 of 2nd period - Ryan Mcdonagh is hit by Max Pacioretty.
13:58 of 2nd period - Penalty to Jaden Schwartz is over, Jaden Schwartz is back on ice.
14:24 of 2nd period - Pavel Datsyuk is hit by Brendan Gallagher and loses puck.
14:31 of 2nd period - Snap shot by Jaden Schwartz.
14:31 of 2nd period - Stopped by Andrei Vasilevskiy with a rebound.
15:58 of 2nd period - Slapshot by Rob Scuderi.
15:58 of 2nd period - Stopped by Anders Lindback without a rebound.
15:59 of 2nd period - Christian Hanson wins face-off versus Ryan Kesler in Predators zone.
16:00 of 2nd period - Slapshot by Brandon Bollig.
16:00 of 2nd period - Stopped by Anders Lindback with a rebound.
16:02 of 2nd period - Snap shot by Brandon Bollig.
16:02 of 2nd period - Stopped by Anders Lindback with a rebound.
16:04 of 2nd period - Snap shot by Brandon Bollig.
16:04 of 2nd period - Goal by Brandon Bollig - Blue Jackets : 1 - Predators : 2.
16:05 of 2nd period - Tyler Seguin wins face-off versus Ryan Kesler in neutral zone.
16:32 of 2nd period - Rob Scuderi is hit by Alexander Edler.
16:40 of 2nd period - Slapshot by Brendan Gallagher.
16:40 of 2nd period - Shot Misses the Net.
16:46 of 2nd period - Rob Scuderi is hit by Jack Eichel and loses puck.
17:19 of 2nd period - Snap shot by Martin Havlat.
17:19 of 2nd period - Shot Misses the Net.
17:21 of 2nd period - Snap shot by Max Pacioretty.
17:21 of 2nd period - Goal by Max Pacioretty - Blue Jackets : 2 - Predators : 2.
17:22 of 2nd period - Tyler Seguin wins face-off versus Ryan Kesler in neutral zone.
17:59 of 2nd period - John Moore is hit by Tyler Kennedy and loses puck.
18:16 of 2nd period - Slapshot by Brandon Bollig.
18:16 of 2nd period - Deflect By Justin Abdelkader.
18:16 of 2nd period - Stopped by Anders Lindback without a rebound.
18:17 of 2nd period - Christian Hanson wins face-off versus Ryan Kesler in Predators zone.
18:43 of 2nd period - Snap shot by Christian Hanson.
18:43 of 2nd period - Deflect By Andreas Nodl.
18:43 of 2nd period - Stopped by Anders Lindback with a rebound.
19:01 of 2nd period - Wrist shot by Justin Abdelkader.
19:01 of 2nd period - Shot Blocked by Branislav Mezei.
19:03 of 2nd period - Wrist shot by Byron Bitz.
19:03 of 2nd period - Shot Blocked by Branislav Mezei.
19:05 of 2nd period - Slapshot by Justin Faulk.
19:05 of 2nd period - Goal by Justin Faulk - Blue Jackets : 2 - Predators : 3.
19:06 of 2nd period - Tyler Seguin wins face-off versus Ryan Kesler in neutral zone.
19:23 of 2nd period - Wrist shot by Artemi Panarin.
19:23 of 2nd period - Stopped by Anders Lindback with a rebound.
19:37 of 2nd period - Max Pacioretty is hit by Brendan Gallagher and loses puck.
19:44 of 2nd period - Snap shot by Jaden Schwartz.
19:44 of 2nd period - Stopped by Andrei Vasilevskiy with a rebound.
Goals for this period are 2 for Blue Jackets vs 2 for Predators.
Shots for this period are 14 for Blue Jackets vs 8 for Predators.
3rd period
0:01 of 3rd period - Mikael Granlund wins face-off versus Tyler Seguin in neutral zone.
0:06 of 3rd period - Snap shot by Mikael Granlund.
0:06 of 3rd period - Stopped by Andrei Vasilevskiy with a rebound.
0:15 of 3rd period - Major Penalty to Ryan Kesler for Boarding.
0:16 of 3rd period - Devin Setoguchi wins face-off versus Andy Miele in Predators zone.
0:17 of 3rd period - Snap shot by Tyler Seguin.
0:17 of 3rd period - Shot Blocked by Alexander Edler.
0:23 of 3rd period - Snap shot by Artemi Panarin.
0:23 of 3rd period - Shot Misses the Net.
0:50 of 3rd period - Snap shot by Mike Lundin.
0:50 of 3rd period - Shot Blocked by Jaden Schwartz.
0:52 of 3rd period - Snap shot by Cam Fowler.
0:52 of 3rd period - Stopped by Anders Lindback without a rebound.
0:53 of 3rd period - Jaden Schwartz wins face-off versus Tyler Seguin in Predators zone.
0:53 of 3rd period - Jaden Schwartz is hit by Dennis Wideman.
1:07 of 3rd period - Snap shot by Artemi Panarin.
1:07 of 3rd period - Shot Misses the Net.
3:14 of 3rd period - Tyler Kennedy is hit by Alexander Edler and loses puck.
3:19 of 3rd period - Snap shot by Brendan Gallagher.
3:19 of 3rd period - Stopped by Andrei Vasilevskiy without a rebound.
3:20 of 3rd period - Cody Hodgson wins face-off versus Alexander Ovechkin in Blue Jackets zone.
3:20 of 3rd period - Cody Hodgson is hit by John Moore.
3:52 of 3rd period - Nate Schmidt is hit by Mike Lundin and loses puck.
5:15 of 3rd period - Penalty to Ryan Kesler is over, Ryan Kesler is back on ice.
5:19 of 3rd period - Snap shot by Cam Fowler.
5:19 of 3rd period - Deflect By Ryan Kesler.
5:19 of 3rd period - Stopped by Anders Lindback with a rebound.
5:31 of 3rd period - Wrist shot by Jaden Schwartz.
5:31 of 3rd period - Shot Misses the Net.
5:59 of 3rd period - Slapshot by Ryan Mcdonagh.
5:59 of 3rd period - Shot Blocked by Artemi Panarin.
6:07 of 3rd period - Snap shot by Ryan Kesler.
6:07 of 3rd period - Shot Misses the Net.
6:09 of 3rd period - Snap shot by Ryan Kesler.
6:09 of 3rd period - Shot Blocked by Cam Fowler.
6:19 of 3rd period - Slapshot by Jaden Schwartz.
6:19 of 3rd period - Shot Blocked by Devin Setoguchi.
6:31 of 3rd period - Wrist shot by Jaden Schwartz.
6:31 of 3rd period - Shot Misses the Net.
6:39 of 3rd period - Wrist shot by Jaden Schwartz.
6:39 of 3rd period - Stopped by Andrei Vasilevskiy with a rebound.
6:41 of 3rd period - Slapshot by Alexander Edler.
6:41 of 3rd period - Shot Blocked by Artemi Panarin.
6:43 of 3rd period - Snap shot by Ryan Kesler.
6:43 of 3rd period - Shot Misses the Net.
6:45 of 3rd period - Snap shot by Byron Bitz.
6:45 of 3rd period - Shot Blocked by Cam Fowler.
6:47 of 3rd period - Slapshot by Ryan Mcdonagh.
6:47 of 3rd period - Shot Misses the Net.
6:49 of 3rd period - Slapshot by Byron Bitz.
6:49 of 3rd period - Deflect By Jaden Schwartz.
6:49 of 3rd period - Stopped by Andrei Vasilevskiy with a rebound.
6:51 of 3rd period - Wrist shot by Jaden Schwartz.
6:51 of 3rd period - Shot Misses the Net.
6:53 of 3rd period - Wrist shot by Jaden Schwartz.
6:53 of 3rd period - Shot Misses the Net.
6:55 of 3rd period - Slapshot by Ryan Mcdonagh.
6:55 of 3rd period - Shot Misses the Net.
6:57 of 3rd period - Wrist shot by Byron Bitz.
6:57 of 3rd period - Stopped by Andrei Vasilevskiy without a rebound.
6:58 of 3rd period - Cody Hodgson wins face-off versus Nik Antropov in Blue Jackets zone.
7:41 of 3rd period - Snap shot by Eric Wellwood.
7:41 of 3rd period - Stopped by Anders Lindback without a rebound.
7:42 of 3rd period - Pavel Datsyuk wins face-off versus Nik Antropov in Predators zone.
7:45 of 3rd period - Snap shot by Pavel Datsyuk.
7:45 of 3rd period - Shot Misses the Net.
7:51 of 3rd period - Pavel Datsyuk is hit by Alexander Ovechkin and loses puck.
8:14 of 3rd period - Snap shot by Max Pacioretty.
8:14 of 3rd period - Stopped by Anders Lindback with a rebound.
8:16 of 3rd period - Snap shot by Cody Hodgson.
8:16 of 3rd period - Stopped by Anders Lindback without a rebound.
8:17 of 3rd period - Nik Antropov wins face-off versus Cody Hodgson in Predators zone.
8:57 of 3rd period - Wrist shot by Andy Miele.
8:57 of 3rd period - Stopped by Andrei Vasilevskiy without a rebound.
8:58 of 3rd period - Pavel Datsyuk wins face-off versus Andy Miele in Blue Jackets zone.
9:19 of 3rd period - Snap shot by Eric Wellwood.
9:19 of 3rd period - Shot Misses the Net.
9:38 of 3rd period - Slapshot by Tyler Kennedy.
9:38 of 3rd period - Stopped by Anders Lindback with a rebound.
9:40 of 3rd period - Snap shot by Tyler Kennedy.
9:40 of 3rd period - Shot Misses the Net.
9:42 of 3rd period - Slapshot by Dalton Prout.
9:42 of 3rd period - Stopped by Anders Lindback without a rebound.
9:43 of 3rd period - Jack Eichel wins face-off versus Cody Hodgson in Predators zone.
9:47 of 3rd period - Icing by Jaden Schwartz.
9:48 of 3rd period - Jack Eichel wins face-off versus Cody Hodgson in Predators zone.
9:53 of 3rd period - Max Pacioretty is hit by Jaden Schwartz and loses puck.
10:33 of 3rd period - Icing by Justin Faulk.
10:34 of 3rd period - Nik Antropov wins face-off versus Pavel Datsyuk in Predators zone.
11:40 of 3rd period - Slapshot by Brendan Gallagher.
11:40 of 3rd period - Shot Blocked by Dennis Wideman.
12:24 of 3rd period - Wrist shot by Andy Miele.
12:24 of 3rd period - Shot Misses the Net.
12:26 of 3rd period - Snap shot by Byron Bitz.
12:26 of 3rd period - Shot Misses the Net.
12:33 of 3rd period - Icing by Mike Lundin.
12:34 of 3rd period - Jack Eichel wins face-off versus Pavel Datsyuk in Blue Jackets zone.
13:22 of 3rd period - Snap shot by Justin Abdelkader.
13:22 of 3rd period - Stopped by Andrei Vasilevskiy without a rebound.
13:23 of 3rd period - Cody Hodgson wins face-off versus Andy Miele in Blue Jackets zone.
13:28 of 3rd period - Byron Bitz is hit by Max Pacioretty and loses puck.
13:58 of 3rd period - Icing by Mikael Granlund.
13:59 of 3rd period - Ryan Kesler wins face-off versus Tyler Seguin in Predators zone.
14:07 of 3rd period - Off-side.
14:08 of 3rd period - Ryan Kesler wins face-off versus Tyler Seguin in neutral zone.
14:38 of 3rd period - Wrist shot by Tyler Seguin.
14:38 of 3rd period - Shot Misses the Net.
14:46 of 3rd period - Wrist shot by Artemi Panarin.
14:46 of 3rd period - Shot Hit the Post.
14:48 of 3rd period - Snap shot by Tyler Seguin.
14:48 of 3rd period - Stopped by Anders Lindback with a rebound.
14:50 of 3rd period - Wrist shot by Tyler Seguin.
14:50 of 3rd period - Shot Blocked by Alexander Ovechkin.
14:52 of 3rd period - Snap shot by Devin Setoguchi.
14:52 of 3rd period - Stopped by Anders Lindback with a rebound.
14:54 of 3rd period - Wrist shot by Artemi Panarin.
14:54 of 3rd period - Deflect By Devin Setoguchi.
14:54 of 3rd period - Stopped by Anders Lindback with a rebound.
14:56 of 3rd period - Slapshot by Branislav Mezei.
14:56 of 3rd period - Stopped by Anders Lindback without a rebound.
14:57 of 3rd period - Cody Hodgson wins face-off versus Jack Eichel in Predators zone.
15:24 of 3rd period - Cam Fowler is hit by Andy Miele and loses puck.
15:57 of 3rd period - Slapshot by Brandon Bollig.
15:57 of 3rd period - Shot Misses the Net.
16:14 of 3rd period - Minor Penalty to Artemi Panarin for Hooking.
16:15 of 3rd period - Ryan Kesler wins face-off versus Brandon Bollig in Blue Jackets zone.
16:15 of 3rd period - Slapshot by Alexander Ovechkin.
16:15 of 3rd period - Deflect By Cam Fowler.
16:15 of 3rd period - Shot Misses the Net.
16:15 of 3rd period - Puck is out of play.
16:16 of 3rd period - Tyler Seguin wins face-off versus Ryan Kesler in Blue Jackets zone.
16:56 of 3rd period - Minor Penalty to Alexander Edler for Roughing.
16:57 of 3rd period - Mikael Granlund wins face-off versus Tyler Seguin in Predators zone.
17:47 of 3rd period - Snap shot by Jaden Schwartz.
17:47 of 3rd period - Shot Misses the Net.
18:14 of 3rd period - Penalty to Artemi Panarin is over, Artemi Panarin is back on ice.
18:43 of 3rd period - Wrist shot by Artemi Panarin.
18:43 of 3rd period - Goal by Artemi Panarin - Blue Jackets : 3 - Predators : 3.
18:44 of 3rd period - Tyler Seguin wins face-off versus Andy Miele in neutral zone.
18:49 of 3rd period - Wrist shot by Dennis Wideman.
18:49 of 3rd period - Stopped by Anders Lindback with a rebound.
18:51 of 3rd period - Slapshot by Tyler Seguin.
18:51 of 3rd period - Shot Misses the Net.
18:53 of 3rd period - Slapshot by Devin Setoguchi.
18:53 of 3rd period - Shot Misses the Net.
18:55 of 3rd period - Wrist shot by Devin Setoguchi.
18:55 of 3rd period - Deflect By Artemi Panarin.
18:55 of 3rd period - Stopped by Anders Lindback without a rebound.
18:56 of 3rd period - Andy Miele wins face-off versus Tyler Seguin in Predators zone.
19:08 of 3rd period - Wrist shot by Justin Abdelkader.
19:08 of 3rd period - Stopped by Andrei Vasilevskiy without a rebound.
19:09 of 3rd period - Pavel Datsyuk wins face-off versus Andy Miele in Blue Jackets zone.
19:09 of 3rd period - Pavel Datsyuk is hit by Alexander Edler.
19:10 of 3rd period - Pavel Datsyuk from Blue Jackets is injured at 19:10 of 3rd period (Bruised Left Shoulder).
19:11 of 3rd period - Eric Wellwood wins face-off versus Andy Miele in Blue Jackets zone.
19:11 of 3rd period - Eric Wellwood is hit by Byron Bitz.
19:23 of 3rd period - Minor Penalty to Andy Miele for Hooking.
19:24 of 3rd period - Tyler Seguin wins face-off versus Brendan Gallagher in Predators zone.
19:37 of 3rd period - Brendan Gallagher is hit by Artemi Panarin and loses puck.
Goals for this period are 1 for Blue Jackets vs 0 for Predators.
Shots for this period are 14 for Blue Jackets vs 8 for Predators.
Overtime #1
0:01 of 1st overtime period - Alexander Ovechkin wins face-off versus Tyler Seguin in neutral zone.
0:08 of 1st overtime period - Slapshot by Alexander Ovechkin.
0:08 of 1st overtime period - Shot Blocked by Artemi Panarin.
0:38 of 1st overtime period - Snap shot by Ryan Mcdonagh.
0:38 of 1st overtime period - Stopped by Andrei Vasilevskiy without a rebound.
0:39 of 1st overtime period - Max Pacioretty wins face-off versus Brendan Gallagher in Blue Jackets zone.
1:23 of 1st overtime period - Penalty to Andy Miele is over, Andy Miele is back on ice.
1:38 of 1st overtime period - Slapshot by Cam Fowler.
1:38 of 1st overtime period - Deflect By Eric Wellwood.
1:38 of 1st overtime period - Stopped by Anders Lindback with a rebound.
3:20 of 1st overtime period - Off-side.
3:21 of 1st overtime period - Tyler Kennedy wins face-off versus Mikael Granlund in neutral zone.
3:24 of 1st overtime period - Mikael Granlund is hit by Tyler Kennedy and loses puck.
4:12 of 1st overtime period - John Moore is hit by Cam Fowler and loses puck.
4:35 of 1st overtime period - Justin Abdelkader is hit by Eric Wellwood and loses puck.
Goals for this period are 0 for Blue Jackets vs 0 for Predators.
Shots for this period are 1 for Blue Jackets vs 1 for Predators.
ShootOut
5:00 of 1st overtime period - Round #1.
5:00 of 1st overtime period - Blue Jackets, Tyler Seguin.
5:00 of 1st overtime period - Deke by Tyler Seguin.
5:00 of 1st overtime period - Shot Misses the Net.
5:00 of 1st overtime period - Predators, Jaden Schwartz.
5:00 of 1st overtime period - Deke by Jaden Schwartz.
5:00 of 1st overtime period - Goal by Jaden Schwartz.
5:00 of 1st overtime period - Round #2.
5:00 of 1st overtime period - Blue Jackets, Artemi Panarin.
5:00 of 1st overtime period - Wrist shot by Artemi Panarin.
5:00 of 1st overtime period - Goal by Artemi Panarin.
5:00 of 1st overtime period - Predators, Jack Eichel.
5:00 of 1st overtime period - Wrist shot by Jack Eichel.
5:00 of 1st overtime period - Goal by Jack Eichel.
5:00 of 1st overtime period - Round #3.
5:00 of 1st overtime period - Blue Jackets, Max Pacioretty.
5:00 of 1st overtime period - Backhand shot by Max Pacioretty.
5:00 of 1st overtime period - Stopped by Anders Lindback.